AoeStats
← djhazelbauer

Arena

509408140Analyzed
2v2 RM · 7d ago on Sep 26, 2026· 46m 27s· 4 players
Game mode
Random Map
Map size
Medium (4 player)
Population
200
Speed
Normal
Resources
Standard
Victory
Conquest
Starting age
Dark Age
Ending age
Imperial Age
RankedLock teamsTeams togetherTeam positionsShared explorationLock speedFull tech treeHidden civsTurbo modeCheats
Victory
Defeat
🇺🇸 Romans · United States
904
+15
🇵🇱 Malians · Poland
904
+15
🇦🇷 Poles · Argentina
920
-16
🇫🇷 Romans · France
864
-14
Masno
11:32 Feudal Age
9:53 Loom
15:31 Castle Age
15:20 Stone Mining
15:18 Double-Bit Axe
15:26 Horse Collar
18:22 Gold Mining
20:46 Heavy Plow
24:43 Bow Saw
26:09 Wheelbarrow
29:41 Imperial Age
27:30 Scale Mail Armor
28:19 Bloodlines
28:16 Scale Barding Armor
30:00 Hand Cart
31:03 Bow Saw
31:24 Conscription
30:36 Heavy Camel Rider
31:29 Forging
32:37 Husbandry
32:59 Chain Barding Armor
33:31 Elite Gbeto
36:18 Plate Barding Armor
37:23 Iron Casting
37:05 Chain Mail Armor
39:16 Farimba
38:40 Light Cavalry
40:36 Iron Casting
43:21 Arson
43:37 Squires
44:26 Town Watch
djhazelbauer
11:41 Feudal Age
16:07 Castle Age
17:17 Double-Bit Axe
17:17 Man-at-Arms
19:18 Scale Mail Armor
19:29 Forging
19:56 Bow Saw
19:29 Horse Collar
26:36 Heavy Plow
26:28 Loom
27:44 Squires
29:28 Pikeman
29:29 Long Swordsman
36:48 Chain Mail Armor
37:08 Iron Casting
36:53 Chain Mail Armor
37:35 Chain Mail Armor
42:37 Imperial Age
42:57 Halberdier
44:40 Blast Furnace
44:08 Heavy Scorpion
46:07 Ballistas
46:24 Conscription
CHRISTO LE ROI8
11:53 Feudal Age
12:22 Horse Collar
12:30 Double-Bit Axe
14:47 Wheelbarrow
19:00 Castle Age
18:04 Forging
17:52 Stone Mining
18:09 Gold Mining
19:54 Heavy Plow
20:47 Pikeman
24:05 Bow Saw
25:02 Hand Cart
25:23 Squires
31:47 Imperial Age
31:59 Heavy Scorpion
33:46 Chemistry
33:33 Crop Rotation
33:05 Halberdier
35:42 Conscription
36:13 Iron Casting
35:39 Scale Mail Armor
35:41 Capped Ram
42:44 Siege Ram
SinD2 | Daviidzidane
5:25 Loom
11:02 Feudal Age
16:34 Castle Age
17:08 Horse Collar
18:24 Double-Bit Axe
19:19 Wheelbarrow
18:30 Town Watch
20:15 Bow Saw
21:48 Forging
26:15 Szlachta Privileges
28:45 Iron Casting
28:15 Scale Barding Armor
28:16 Scale Mail Armor
28:31 Husbandry
28:42 Bloodlines
29:46 Light Cavalry
36:00 Imperial Age
33:46 Hand Cart
35:45 Chain Barding Armor
36:07 Cavalier
36:44 Winged Hussar
40:00 Cavalier
43:14 Heavy Plow
Connection lost

Rejoining the realm…

Still unreachable

The connection could not be restored.

Session expired

The server has moved on; the page needs a fresh start.